 Dungeon Crawl Stone Soup version 0.25-a0-364-ge76b031 (webtiles) character file.

Game seed: 13966232326695772216, levelgen mode: deterministic

79 Birdy the Chopper (level 4, -2/33 HPs)
             Began as a Formicid Gladiator on Jan 5, 2020.
             Slain by a worm (10 damage)
             ... on level 2 of the Dungeon.
             The game lasted 00:03:10 (1279 turns).

Birdy the Chopper (Formicid Gladiator)              Turns: 1279, Time: 00:03:11

Health: -2/33      AC:  3    Str: 19    XL:     4   Next: 64%
Magic:  4/4        EV: 12    Int:  7    God:
Gold:   89         SH:  0    Dex: 13    Spells: 3/3 levels left

rFire    . . .     SeeInvis +   a - +1 war axe
rCold    . . .     Gourm    .   (no shield)
rNeg     . . .     Faith    .   b - +0 leather armour
rPois    .         Spirit   .   (helmet unavailable)
rElec    .         Reflect  .   f - scarf {cloud immunity}
rCorr    .         Harm     .   (no gloves)
MR       .....                  (no boots)
Stlth    +.........             (no amulet)
HPRegen  0.11/turn              (no ring)
MPRegen  0.09/turn              (no ring)

@: no status effects
A: permanent stasis, dig shafts and tunnels, four strong arms, antennae 3
a: Dig, Shaft Self


You were on level 2 of the Dungeon.
You were not hungry.

You visited 1 branch of the dungeon, and saw 2 of its levels.

You collected 89 gold pieces.

Inventory:

Hand Weapons
 a - a +1 war axe (weapon)
Missiles
 c - 3 throwing nets (quivered)
Armour
 b - a +0 leather armour (worn)
 f - a scarf of cloud immunity (worn)
Scrolls
 e - a scroll of enchant weapon
 h - a scroll of blinking
Comestibles
 d - 4 rations


   Skills:
 - Level 2.1 Fighting
 + Level 5.1 Axes
 - Level 2.0 Throwing
 - Level 2.6 Dodging


You had 3 spell levels left.
You didn't know any spells.
Your spell library was empty.

Dungeon Overview and Level Annotations

Branches:
Dungeon (2/15)

Altars:
Okawaru


Innate Abilities, Weirdness & Mutations

You cannot be hasted, slowed, berserked, paralysed or teleported.
You can dig through walls and to a lower floor.
Your four strong arms can wield two-handed weapons with a shield.
You have a pair of large antennae on your head. (SInv)


Message History

h - a scroll labeled FEUNOA PAR OCE
As you read the scroll labeled CUORETW XEXILL, it crumbles to dust.
It is a scroll of enchant weapon.
Your +0 war axe glows red for a moment.
As you read the scroll labeled COUKKU MUPSO, it crumbles to dust.
It is a scroll of identify.
h - a scroll of blinking You hit the worm.
The worm is lightly wounded.
You slash the worm!
The worm is heavily wounded.
The worm bites you but does no damage.
You hit the worm.
The worm is heavily wounded.
The worm bites you!
* * * LOW HITPOINT WARNING * * *
You hit the worm but do no damage.
The worm is heavily wounded.
The worm bites you!
You die...

#..#
.##+#......#
##.##
#......$.##
....#
#........#
#...##
#...†....#
#....#
#........#
#..#.##
#.....)..#
#.....#
#........#
#.....##
#...$....#
#......#.
##....@.##
#........
#....w.#
........#
#......#
#.####..#
#.......
#..# #
#.#......
##'#
#.#.......
.... #
#.......#
.....
#.......#
......


You could see a worm.

Vanquished Creatures
  Jessica (D:2)
  2 worms (D:2)
  2 dart slugs (D:1)
  4 leopard geckos
  A ball python (D:2)
  A giant cockroach (D:1)
  7 hobgoblins
  2 jackals (D:2)
  5 kobolds
  4 bats (D:1)
  3 goblins
  5 rats
37 creatures vanquished.

Notes
Turn   | Place    | Note
-------+----------+-------------------------------------------
     0 | D:1      | Birdy the Formicid Gladiator began the quest for the Orb.
     0 | D:1      | Reached XP level 1. HP: 16/16 MP: 1/1
    47 | D:1      | Reached XP level 2. HP: 14/22 MP: 2/2
   540 | D:1      | Reached skill level 4 in Axes
   540 | D:1      | Reached XP level 3. HP: 27/27 MP: 3/3
  1179 | D:2      | Noticed Jessica
  1184 | D:2      | Killed Jessica
  1184 | D:2      | Reached XP level 4. HP: 33/33 MP: 4/4
  1200 | D:2      | Found an iron altar of Okawaru.
  1245 | D:2      | Reached skill level 5 in Axes
  1279 | D:2      | Slain by a worm

Levels and vault maps discovered:
D:1:      lightli_arrival_quake, layout_basic, hex_intersection
D:2:      minmay_spotlight, layout_basic, lemuel_doored_altar, uniq_jessica,
          uniq_terence

Skill      XL: |  1  2  3  4 |
---------------+-------------+-----
Axes           | 4 5 |  5.1
Fighting       | |  2.1
Throwing       | |  2.0
Dodging        | |  2.6

Action                   |  1- 3 |  4- 6 || total
-------------------------+-------+-------++-------
Melee: War axe           |    86 |    20 ||   106
  Use: Scroll            |     2 |     2 ||     4
       Potion            |     2 |       ||     2
 Stab: Sleeping          |     1 |       ||     1
  Eat: Chunk             |       |     1 ||     1
Armor: Leather armour    |    35 |     4 ||    39
Dodge: Dodged            |    76 |     7 ||    83

Table legend:
 A = Non-vault XP
 B = Vault XP
 C = Vault XP percentage of total XP
 D = Non-vault monster count
 E = Vault monster count
 F = Vault count percentage of total count
                 A         B        C        D         E       F
            +---------+---------+-------+---------+---------+-------
      Total |      77 |      37 |  32.5 |      36 |       1 |   2.7
            +---------+---------+-------+---------+---------+-------
        D:1 |      46 |       0 |   0.0 |      23 |       0 |   0.0
        D:2 |      31 |      37 |  54.4 |      13 |       1 |   7.1
            +---------+---------+-------+---------+---------+-------
